 Dungeon Crawl Stone Soup version 0.17-a0-2093-gc772f4b (webtiles) character file.

28 ololoev the Firebug (level 3, 18/24 HPs)
             Began as a Demonspawn Fire Elementalist on Oct 16, 2015.
             Quit the game on level 2 of the Dungeon.
             The game lasted 00:02:06 (1133 turns).

ololoev the Firebug (Demonspawn Fire Elementalist)  Turns: 1133, Time: 00:02:06

Health: 18/24      AC:  2    Str:  8    XL:     3   Next: 0%
Magic:  6/6        EV: 12    Int: 17    God:
Gold:   88         SH:  0    Dex: 13    Spells: 1 memorised, 5 levels left

rFire  . . .     SeeInvis .     e - +2 dagger (speed)
rCold  + . .     Clarity  .     a - +0 robe
rNeg   . . .     SustAt   .     (no shield)
rPois  .         Gourm    .     (helmet restricted)
rElec  .         Spirit   .     (no cloak)
rCorr  .         Warding  .     (no gloves)
rMut   .         Stasis   .     (no boots)
MR     .....                    (no amulet)
Stlth  ++........               (no ring)
                                (no ring)

@: not resistant to hostile enchantments, unstealthy
A: antennae 1, cold resistance 1
a: no special abilities


Innate Abilities, Weirdness & Mutations

You have a pair of small antennae on your head.
Your flesh is cold resistant.

Inventory:

Hand Weapons
 e - a +2 dagger of speed (weapon)
Armour
 a - a +0 robe (worn)
Scrolls
 k - a scroll of remove curse {unknown}
 l - a scroll of amnesia {unknown}
 m - a scroll of magic mapping {unknown}
 n - a scroll of teleportation {unknown}
Potions
 d - a potion of lignification {unknown}
 g - a potion of might {unknown}
 i - a potion of cancellation {unknown}
 j - a potion of haste {unknown}
Books
 b - a book of Flames

   Spells                             Type                      Level
   a - Flame Tongue                   Conjuration/Fire             1
   b - Throw Flame                    Conjuration/Fire             2
   c - Conjure Flame                  Conjuration/Fire             3
   d - Inner Flame                    Hexes/Fire                   3
   e - Sticky Flame                   Conjuration/Fire             4
   f - Fireball                       Conjuration/Fire             5
Comestibles
 c - a bread ration
 f - 6 fruits
 h - 2 meat rations
 o - a chunk of flesh
 p - a royal jelly


   Skills:
 - Level 1.7 Dodging
 - Level 1.7 Stealth
 + Level 2.3 Spellcasting
 * Level 2.1 Conjurations
 + Level 3.0 Fire Magic


You had 5 spell levels left.
You knew the following spells:

 Your Spells              Type           Power        Failure   Level  Hunger
a - Flame Tongue          Conj/Fire      ##...        10%         1    #......


You were on level 2 of the Dungeon.
You were not hungry.

You visited 1 branch of the dungeon, and saw 2 of its levels.

You collected 88 gold pieces.

...###.........###########.......
.................................
...........#รท#.########.####.##..
........#.......# #.# #.##..
#.#...#.#.......# #.# #.###.
#.#.#.#.#.......# #.# #.# #.
#.#.#.#.#.......#######.####.# #.
#.#.#.#.####.#....[.....#....###.
#<#.#.#.# #.#..@.....#.#........
#.#.....#.##.#........
#.#...#......#........
#.#.#.##.###.#.#'#####
#.#..........#.#.# #
#/#...##.#####.#.# #
#............#.# #
#..#....######.# #
#..#.......#...#####

Notes
Turn   | Place    | Note
--------------------------------------------------------------
     0 | D:1      | ololoev the Demonspawn Fire Elementalist began the quest for the Orb.
     0 | D:1      | Reached XP level 1. HP: 13/13 MP: 3/3
   251 | D:1      | Gained mutation: Your flesh is cold resistant. [demonic ancestry]
   251 | D:1      | Reached XP level 2. HP: 19/19 MP: 1/5
   740 | D:2      | Found a faded altar to an unknown god.
   988 | D:2      | Reached skill level 3 in Fire Magic
  1132 | D:2      | Gained mutation: You have a pair of small antennae on your head. [demonic ancestry]
  1132 | D:2      | Reached XP level 3. HP: 18/24 MP: 6/6
  1133 | D:2      | Quit the game

Dungeon Overview and Level Annotations

Branches:
Dungeon (2/15)

Altars:


Message History

The bat misses you.
You hit the bat.
The bat is severely wounded.
The bat closely misses you. The bat closely misses you.
The bat completely misses you. The bat hits you. The bat barely misses you.
No target in view!
No target in view!
No target in view!
No target in view!
No target in view!
No target in view!
No target in view!
No target in view!
No target in view!
No target in view!
No target in view!
No target in view!
No target in view!
No target in view!
No target in view!
No target in view!
No target in view!
The bat is too close now for your liking.
You hit the bat but do no damage.
The bat is moderately wounded.
The bat hits you but does no damage.
You hit the bat.
The bat is severely wounded.
The bat hits you.
You hit the bat.
You kill the bat!
You have reached level 3!
Your experience leads to an increase in your attributes!
Increase (S)trength, (I)ntelligence, or (D)exterity?
You feel clever.
Your demonic ancestry asserts itself...
A pair of antennae grows on your head!
Are you sure you want to abandon this character and quit the game? (Confirm with "yes".)

There were no monsters in sight!

Vanquished Creatures
  2 oozes
  3 giant geckos
  2 bats (D:2)
  A goblin (D:2)
  3 hobgoblins
  4 kobolds
  A giant cockroach (D:1)
  A rat (D:1)
17 creatures vanquished.

Action                   || total
-------------------------++-------
Melee: Dagger            ||    28
 Cast: Flame Tongue      ||    15
 Stab: Sleeping          ||     1
  Eat: Chunk             ||     1

Vault maps used:
D:1:      dpeg_arrival_simpleton_b
D:2:      ecumenical_altar_1, first_bread
